 Dungeon Crawl Stone Soup version 0.27-a0-660-g90476cec82 (webtiles) character file.

Game seed: 15103614920152707372

160 robertstho the Chiller (level 4, -1/34 HPs)
             Began as a Demigod Ice Elementalist on Mar 16, 2021.
             Slain by Terence
             ... wielding a +0 short sword
              (8 damage)
             ... on level 3 of the Dungeon.
             The game lasted 00:03:39 (4133 turns).

robertstho the Chiller (Demigod Ice Elementalist)   Turns: 4133, Time: 00:03:39

Health: -1/34      AC:  5    Str:  9    XL:     4   Next: 96%
Magic:  7/10       EV: 12    Int: 21    God:
Gold:   103        SH:  0    Dex: 14    Spells: 3/7 levels left

rFire    . . .     SeeInvis .   i - +1 dagger (venom)
rCold    . . .     Faith    .   (no shield)
rNeg     . . .     Spirit   .   a - +0 robe
rPois    .         Reflect  .   (no helmet)
rElec    .         Harm     .   (no cloak)
rCorr    .         Rampage  .   j - +1 pair of gloves
Will     .....                  g - +0 pair of boots
Stlth    ++........             (no amulet)
HPRegen  0.11/turn              (no ring)
MPRegen  0.12/turn              (no ring)

@: no status effects
A: high mp 1, forlorn
a: no special abilities


You were on level 3 of the Dungeon.
You visited 1 branch of the dungeon, and saw 3 of its levels.

You collected 103 gold pieces.

Inventory:

Hand Weapons
 b - a +0 hand axe
 i - a +1 dagger of venom (weapon)
Armour
 a - a +0 robe (worn)
 g - a +0 pair of boots (worn)
 j - a +1 pair of gloves (worn)
Scrolls
 c - 2 scrolls of identify {unknown}
 d - a scroll of amnesia {unknown}
 e - 2 scrolls of teleportation {unknown}
 h - a scroll of random uselessness {unknown}
 k - a scroll of enchant weapon {unknown}
Potions
 f - a potion of flight
 l - a potion of cancellation
 m - a potion of brilliance {unknown}
 n - a potion of might {unknown}


   Skills:
 + Level 0.9 Fighting
 + Level 0.8 Short Blades
 + Level 1.1 Axes
 + Level 2.5 Dodging
 + Level 2.5 Stealth
 * Level 2.4 Spellcasting
 * Level 4.3 Ice Magic


You had 3 spell levels left.
You knew the following spells:

 Your Spells              Type           Power      Damage    Failure   Level
a - Freeze                Ice            80%        1d9       2%          1
b - Frozen Ramparts       Ice            40%        1d6       7%          3

Your spell library contained the following spells:

 Spells                   Type           Power      Damage    Failure   Level
 Ozocubu's Armour         Ice            20%        N/A       7%          3
 Hailstorm                Conj/Ice       11%        3d5       50%         4
 Summon Ice Beast         Ice/Summ       11%        N/A       50%         4


Dungeon Overview and Level Annotations

Branches:
Dungeon (3/15)

Annotations:
D:3 Terence


Innate Abilities, Weirdness & Mutations

Your attributes grow dramatically as you level up.
You have an increased reservoir of magic. (+10% MP)
You shall have no god before yourself.


Message History

A scorpion comes into view.
Terence shouts!
Terence drinks a potion.
Terence seems to speed up.
Found a stone staircase leading down.
You hit the scorpion but do no damage. Terence shouts, "Now you die!"
You barely miss the scorpion.
The scorpion stings you but does no damage.
Terence hits you with a +0 short sword.
You hit the scorpion but do no damage. Terence barely misses you.
The scorpion misses you.
You hit the scorpion but do no damage.
The scorpion is poisoned.
Terence hits you with a +0 short sword! The scorpion stings you.
Terence hits you but does no damage.
Unknown command.
Casting: Frozen Ramparts (dangerous; 8% risk of failure)
Confirm with . or Enter, or press ? or * to list all spells.
Casting: Frozen Ramparts (dangerous; 8% risk of failure)
Press: ? - help, Dir - look around, f - activate The walls around you are covered in ice.
The wall freezes Terence.
Terence hits you with a +0 short sword.
The wall freezes the scorpion.
The wall freezes Terence.
Terence hits you with a +0 short sword.
Unknown command.
You hit Terence but do no damage.
Terence is poisoned.
Terence is moderately wounded.
The wall freezes Terence.
Terence hits you with a +0 short sword.
* * * LOW HITPOINT WARNING * * *
The wall freezes the scorpion.
You barely miss Terence.
Terence is heavily wounded.
You kill the scorpion!
The wall freezes Terence.
Terence hits you with a +0 short sword.
* * * LOW HITPOINT WARNING * * *
The wall freezes Terence.
Terence completely misses you.
It was a potion of cancellation.
Your magical effects are unravelling.
You feel magically purged.
The frozen ramparts melt away.
Terence hits you with a +0 short sword!
You die...

............ .......
..####'#'.. .>.....
#.##.. ....... #(##..
....... #.#### .......
#########.# ...<...
#.........#
.......#####.........#
#.@@..'.........#
#.#####.........### #.
#...........# #.
#........##.# ..
#........##.# ##
#........##.##
+........##.#.
#####......[.##.#.
#.....#####.....#.


You could see Terence (fast, very poisoned).

Vanquished Creatures
  A scorpion (D:3)
  A worker ant (D:2)
  4 adders (D:2)
  An ooze (D:1)
  2 dart slugs
  A leopard gecko (D:2)
  10 bats
  A giant cockroach (D:2)
  9 goblins
  4 hobgoblins
  A quokka (D:3)
  A ball python (D:1)
  A frilled lizard (D:1)
  4 kobolds
  4 rats
45 creatures vanquished.

Notes
Turn   | Place    | Note
-------+----------+-------------------------------------------
     0 | D:1      | robertstho the Demigod Ice Elementalist began the quest for
                  | the Orb.
     0 | D:1      | Reached XP level 1. HP: 14/14 MP: 5/5
  1066 | D:1      | Reached XP level 2. HP: 16/20 MP: 7/7
  1466 | D:1      | Reached skill level 4 in Ice Magic
  2129 | D:2      | Reached XP level 3. HP: 17/26 MP: 8/8
  2162 | D:1      | HP: 1/26 [poisoned by a worker ant]
  2469 | D:1      | Learned a level 3 spell: Frozen Ramparts
  3122 | D:2      | Reached skill level 1 in Axes
  3136 | D:2      | Reached XP level 4. HP: 14/34 MP: 6/10
  4122 | D:3      | Noticed Terence
  4133 | D:3      | Slain by Terence

Illustrated notes

Levels and vault maps discovered:
D:1:      giann_wishing_wells, layout_basic, serial_forest,
          infiniplex_forest_lined_corner, infiniplex_forest_zigzag_1,
          infiniplex_forest_clump_long, infiniplex_forest_end_2, moated_statue,
          kennysheep_small_spiral, xom_teletrap_fun
D:2:      layout_loops_corners, lemuel_doored_altar
D:3:      layout_basic, led_sif_book, lemuel_crystal_altar, uniq_terence,
          uniq_ijyb

Skill      XL: |  1  2  3 |
---------------+----------+-----
Dodging        | 2 |  2.5
Stealth        | 2 |  2.5
Ice Magic      | 4 |  4.3
Spellcasting   | 2 |  2.4
Axes           | 1 |  1.1
Fighting       | |  0.9
Short Blades   | |  0.8

Action                   |  1- 3 |  4- 6 || total
-------------------------+-------+-------++-------
Melee: Hand axe          |    47 |       ||    47
       Dagger            |    41 |    42 ||    83
 Cast: Freeze            |    14 |       ||    14
       Frozen Ramparts   |     1 |     1 ||     2
  Use: Potion            |     1 |     1 ||     2
 Stab: Sleeping          |     5 |     3 ||     8
Armor: Robe              |    29 |     8 ||    37
Dodge: Dodged            |    70 |    24 ||    94

Table legend: (Time is in decaauts)
 A = Elapsed time spent in this place.
 B = Non-inter-level travel time spent in this place.
 C = Inter-level travel time spent in this place.
 D = Time resting spent in this place.
 E = Time spent auto-exploring this place.
 F = Levels seen in this place.
 G = Mean time per level.
                   A        B        C        D        E       F      G
               +--------+--------+--------+--------+--------+-----+--------+
         Total |   4145 |   4063 |     82 |   1131 |   2517 |   3 | 1381.7 |
       Dungeon |   4145 |   4063 |     82 |   1131 |   2517 |   3 | 1381.7 |
               +--------+--------+--------+--------+--------+-----+--------+

Top non-repeatable levels by time:
     D:1: 2489 daAuts
     D:2: 1501 daAuts
     D:3: 154 daAuts
